 Dungeon Crawl Stone Soup version 0.26-a0-264-g3a471323bd (console) character file.

Game seed: 321212290903847342

311 Kagalorn the Digger (level 6, 28/44 HPs)
             Began as a Gnoll Earth Elementalist on July 6, 2020.
             Quit the game on level 3 of the Dungeon on July 11, 2020.
             The game lasted 00:06:52 (3205 turns).

Kagalorn the Digger (Gnoll Earth Elementalist)      Turns: 3205, Time: 00:06:53

Health: 28/44      AC:  3    Str: 11    XL:     6   Next: 42%
Magic:  2/14       EV: 15    Int: 19    God:
Gold:   148        SH:  0    Dex: 15    Spells: 12/15 levels left

rFire    . . .     SeeInvis .   a - +0 dagger (freeze)
rCold    . . .     Faith    .   (no shield)
rNeg     + . .     Spirit   .   c - +0 robe
rPois    .         Reflect  .   (no helmet)
rElec    .         Harm     .   (no cloak)
rCorr    .                      k - +0 pair of gloves (curse)
MR       .....                  (no boots)
Stlth    +++.......             (no amulet)
HPRegen  0.14/turn              j - ring of positive energy
MPRegen  0.14/turn              (no ring)

@: no status effects
A: distributed training, fangs 1, strong nose
a: no special abilities


You were on level 3 of the Dungeon.
You were not hungry.

You visited 1 branch of the dungeon, and saw 4 of its levels.

You collected 148 gold pieces.

Inventory:

Hand Weapons
 a - a +0 dagger of freezing (weapon)
Missiles
 b - 93 stones
 h - 16 poisoned darts (quivered)
 n - 18 sling bullets
 p - 8 boomerangs of dispersal
Armour
 c - a +0 robe (worn)
 k - a cursed +0 pair of gloves (worn)
Jewellery
 j - a ring of positive energy (left hand)
 r - an uncursed ring of positive energy
 v - a +4 ring of protection {unknown}
Scrolls
 i - 3 scrolls of identify {unknown}
 l - a scroll of amnesia {unknown}
 m - a scroll of enchant weapon {unknown}
 o - a scroll of teleportation {unknown}
 q - a scroll of fog {unknown}
Potions
 e - a potion of berserk rage {unknown}
 f - a potion of flight {unknown}
 g - a potion of invisibility {unknown}
 s - a potion of haste {unknown}
 t - a potion of lignification {unknown}
 u - a potion of stabbing {unknown}
Comestibles
 d - 8 rations


   Skills:
 + Level 1.9 Fighting
 + Level 1.9 Short Blades
 + Level 1.9 Long Blades
 + Level 1.9 Axes
 + Level 1.9 Maces & Flails
 + Level 1.9 Polearms
 + Level 1.9 Staves
 + Level 1.9 Slings
 + Level 1.9 Bows
 + Level 1.9 Crossbows
 + Level 1.9 Throwing
 + Level 1.9 Armour
 + Level 5.0 Dodging
 + Level 4.6 Stealth
 + Level 1.9 Shields
 + Level 1.9 Unarmed Combat
 + Level 5.3 Spellcasting
 + Level 1.5 Conjurations
 + Level 1.5 Hexes
 + Level 1.5 Charms
 + Level 1.5 Summonings
 + Level 1.5 Necromancy
 + Level 1.5 Translocations
 + Level 2.6 Transmutations
 + Level 1.5 Fire Magic
 + Level 1.5 Ice Magic
 + Level 1.5 Air Magic
 + Level 5.6 Earth Magic
 + Level 1.5 Poison Magic
 + Level 2.1 Invocations
 + Level 1.9 Evocations


You had 12 spell levels left.
You knew the following spells:

 Your Spells              Type           Power        Failure   Level
a - Sandblast             Erth           ####..       1%          1
g - Passwall              Tmut/Erth      ###.....     3%          2

Your spell library contained the following spells:

 Spells                   Type           Power        Failure   Level
 Stone Arrow              Conj/Erth      ###...       9%          3
 Petrify                  Tmut/Erth      ###.....     22%         4
 Lee's Rapid Deconstruct  Erth           ####......   32%         5


Dungeon Overview and Level Annotations

Branches:
Dungeon (4/15)
 Temple: D:4-7

Altars:
Ashenzari
Makhleb
The Shining One


Innate Abilities, Weirdness & Mutations

Your experience applies equally to all skills.
You have very sharp teeth.
Your uncanny sense of smell can sniff out nearby items.


Message History

You hit the dart slug. You freeze the dart slug.
You kill the dart slug!
You feel sick.
You see here a +0 leather armour.
You see here a +0 dagger.
v - a runed ivory ring You feel sick.
You see here a water moccasin corpse.
You see here an adder corpse.
There is a stone staircase leading up, spattered with blood here.
You feel sick.
You are no longer poisoned.
You climb upwards.
There is a stone staircase leading down here.
Saving game... please wait.
Welcome back, Kagalorn the Gnoll Earth Elementalist.
Press ? for a list of commands and other information.
Drop what? 22/52 slots (_ for help) (? for menu, Esc to quit)
Okay, then.
Are you sure you want to abandon this character and quit the game? (Confirm with "yes".)

##########
#####........#
.............#
)............#####
.............#...#
.............#.#.###
..).............@..#
.......####.##.#.#.#
..........#.##.#.#.##
..........#.##.#....#
..........#.##.######
###.......#.##.....#
#########.##.###.#
#........##.#
########........##.####


There were no monsters in sight!

Vanquished Creatures
  A water moccasin (D:4)
  A howler monkey (D:4)
  6 adders
  An ooze (D:2)
  4 worms (D:2)
  5 dart slugs
  5 leopard geckos
  4 orcs
  2 giant cockroaches
  11 goblins
  5 hobgoblins
  3 jackals (D:2)
  9 kobolds
  3 quokkas
  10 bats
  4 frilled lizards
  7 rats
81 creatures vanquished.

Notes
Turn   | Place    | Note
-------+----------+-------------------------------------------
     0 | D:1      | Kagalorn the Gnoll Earth Elementalist began the quest for
                  | the Orb.
     0 | D:1      | Reached XP level 1. HP: 13/13 MP: 6/6
   179 | D:1      | Reached XP level 2. HP: 19/19 MP: 4/7
   738 | D:1      | Reached XP level 3. HP: 25/25 MP: 9/9
   992 | D:1      | Reached skill level 5 in Spellcasting
  1086 | D:2      | Found a glowing golden altar of the Shining One.
  1116 | D:2      | Learned a level 2 spell: Passwall
  1144 | D:2      | Reached skill level 1 in Invocations
  1438 | D:2      | Reached skill level 1 in Fighting
  1438 | D:2      | Reached skill level 1 in Short Blades
  1438 | D:2      | Reached skill level 1 in Long Blades
  1438 | D:2      | Reached skill level 1 in Axes
  1438 | D:2      | Reached skill level 1 in Maces & Flails
  1438 | D:2      | Reached skill level 1 in Polearms
  1438 | D:2      | Reached skill level 1 in Staves
  1438 | D:2      | Reached skill level 1 in Slings
  1438 | D:2      | Reached skill level 1 in Bows
  1438 | D:2      | Reached skill level 1 in Crossbows
  1438 | D:2      | Reached skill level 1 in Throwing
  1438 | D:2      | Reached skill level 1 in Armour
  1438 | D:2      | Reached skill level 1 in Shields
  1438 | D:2      | Reached skill level 1 in Unarmed Combat
  1438 | D:2      | Reached skill level 1 in Evocations
  1712 | D:2      | Reached XP level 4. HP: 32/32 MP: 11/11
  2126 | D:2      | Reached skill level 1 in Conjurations
  2126 | D:2      | Reached skill level 1 in Hexes
  2126 | D:2      | Reached skill level 1 in Charms
  2126 | D:2      | Reached skill level 1 in Summonings
  2126 | D:2      | Reached skill level 1 in Necromancy
  2126 | D:2      | Reached skill level 1 in Translocations
  2126 | D:2      | Reached skill level 1 in Fire Magic
  2126 | D:2      | Reached skill level 1 in Ice Magic
  2126 | D:2      | Reached skill level 1 in Air Magic
  2126 | D:2      | Reached skill level 1 in Poison Magic
  2520 | D:3      | Reached XP level 5. HP: 37/37 MP: 9/12
  2594 | D:3      | Found a shattered altar of Ashenzari.
  3154 | D:4      | Found a burning altar of Makhleb.
  3170 | D:4      | Noticed a water moccasin
  3180 | D:4      | Killed a water moccasin
  3180 | D:4      | Reached XP level 6. HP: 38/44 MP: 5/14
  3191 | D:4      | Reached skill level 5 in Dodging
  3205 | D:3      | Upgraded the game from 0.26-a0-215-g1b87330c0f to
                  | 0.26-a0-264-g3a471323bd
  3205 | D:3      | Quit the game

Illustrated notes

Levels and vault maps discovered:
D:1:      dpeg_arrival_fog, layout_loops_ring, minivault_14
D:2:      layout_loops_corners, tso_metal_star, first_ration
D:3:      layout_basic, cheibrodos_ashenzari_chains
D:4:      layout_rooms, makhleb_altar_promises_db, serial_shops,
          kennysheep_mini_moat

Skill      XL: |  1  2  3  4  5  6 |
---------------+-------------------+-----
Transmutations | 2 |  2.6
Spellcasting   | 5 |  5.3
Invocations    | 1 2 |  2.1
Fighting       | 1 |  1.9
Short Blades   | 1 |  1.9
Long Blades    | 1 |  1.9
Axes           | 1 |  1.9
Maces & Flails | 1 |  1.9
Polearms       | 1 |  1.9
Staves         | 1 |  1.9
Slings         | 1 |  1.9
Bows           | 1 |  1.9
Crossbows      | 1 |  1.9
Throwing       | 1 |  1.9
Armour         | 1 |  1.9
Shields        | 1 |  1.9
Unarmed Combat | 1 |  1.9
Evocations     | 1 |  1.9
Conjurations   | 1 |  1.5
Hexes          | 1 |  1.5
Charms         | 1 |  1.5
Summonings     | 1 |  1.5
Necromancy     | 1 |  1.5
Translocations | 1 |  1.5
Fire Magic     | 1 |  1.5
Ice Magic      | 1 |  1.5
Air Magic      | 1 |  1.5
Poison Magic   | 1 |  1.5
Dodging        | 5 |  5.0
Stealth        | |  4.6
Earth Magic    | |  5.6

Action                   |  1- 3 |  4- 6 || total
-------------------------+-------+-------++-------
Melee: Dagger            |     2 |    28 ||    30
       Short sword       |    95 |    44 ||   139
       Bite              |    11 |     5 ||    16
 Cast: Sandblast         |    17 |    41 ||    58
 Stab: Sleeping          |     9 |     6 ||    15
       Distracted        |     1 |       ||     1
  Eat: Ration            |     1 |     1 ||     2
Armor: Robe              |    36 |    12 ||    48
Dodge: Dodged            |   108 |    69 ||   177

Table legend:
 A = Non-vault XP
 B = Vault XP
 C = Vault XP percentage of total XP
 D = Non-vault monster count
 E = Vault monster count
 F = Vault count percentage of total count
                 A         B        C        D         E       F
            +---------+---------+-------+---------+---------+-------
      Total |     445 |       0 |   0.0 |      81 |       0 |   0.0
            +---------+---------+-------+---------+---------+-------
        D:1 |      39 |       0 |   0.0 |      22 |       0 |   0.0
        D:2 |     113 |       0 |   0.0 |      35 |       0 |   0.0
        D:3 |      55 |       0 |   0.0 |      16 |       0 |   0.0
        D:4 |     238 |       0 |   0.0 |       8 |       0 |   0.0
            +---------+---------+-------+---------+---------+-------
